 Dungeon Crawl Stone Soup version 0.14.1-26-g5a19342 (webtiles) character file.

270 MRaven the Charlatan (level 5, 0/41 HPs)
             Began as a Demonspawn Artificer on July 15, 2014.
             Slain by an orc wizard
             ... wielding a +0,+0 dagger
              (2 damage)
             ... on Level 3 of the Dungeon on July 19, 2014.
             The game lasted 00:27:15 (3892 turns).

MRaven the Charlatan (Demonspawn Artificer)         Turns: 3892, Time: 00:27:17

HP   0/41        AC  2     Str 13      XL: 5   Next: 23%
MP   8/8         EV 13     Int 13      God:
Gold 102         SH  0     Dex 13      Spells:  0 memorised,  4 levels left

rFire  . . .     SeeInvis .     o - +2,+0 short sword
rCold  . . .     Clarity  .     p - +0 robe (curse)
rNeg   . . .     Conserve .     (no shield)
rPois  .         rCorr    .     (helmet restricted)
rElec  .         rRot     .     (no cloak)
SustAb . .       Spirit   .     (no gloves)
rMut   .         Warding  .     (no boots)
Saprov . . .     Stasis   .     s - amulet of faith {unknown}
MR     .....                    (no ring)
                                (no ring)

@: not resistant to hostile enchantments, unstealthy
A: antennae 2, powered by pain 2
a: no special abilities


You were on level 3 of the Dungeon.
You were not hungry.

You visited 1 branch of the dungeon, and saw 3 of its levels.

You collected 102 gold pieces.

Inventory:

Hand weapons
 o - a +2,+0 short sword (weapon)
Missiles
 r - 18 stones (quivered)
Armour
 l - a +0 leather armour
 p - a cursed +0 robe (worn)
 q - a +0 robe
 v - a +0 robe
 x - a +0 leather armour
Magical devices
 b - a wand of flame (0)
 c - a wand of enslavement (11)
 d - a wand of random effects (3)
Comestibles
 a - 2 meat rations
 f - 2 bread rations
 h - a chunk of goblin flesh
 k - 16 strawberries
Scrolls
 j - a scroll of teleportation
Jewellery
 n - an uncursed ring of fire {unknown}
 s - an amulet of faith (around neck) {unknown}
 t - a cursed ring of hunger {unknown}
Potions
 e - a potion of flight {unknown}
 g - 2 potions of curing
 i - a potion of agility
 m - a potion of brilliance {unknown}
 u - a potion of lignification {unknown}
 w - a potion of paralysis {unknown}


   Skills:
 * Level 3.6 Fighting
 - Level 0.8 Short Blades
 + Level 2.6 Dodging
 - Level 0.8 Stealth
 + Level 4.3 Evocations


You had 4 spell levels left.
You didn't know any spells.

Dungeon Overview and Level Annotations

Branches:
Dungeon (3/15)

Altars:
Trog
Vehumet


Innate Abilities, Weirdness & Mutations

You have a pair of antennae on your head.
You sometimes gain power by taking damage.


Message History

Evoke which item? (* to show all) (? for menu, Esc to quit)
Zapping:
b - a wand of flame (2)
Press: ? - help, Shift-Dir - straight line, f/p - orc wizard
Aim: an orc wizard, wielding a dagger and wearing a robe (moderately wounded, moving very quickly)
The puff of flame hits the orc wizard.
The orc wizard is severely wounded.
This wand has 1 charge left.
The orc wizard glows brightly for a moment.
Evoke which item? (* to show all) (? for menu, Esc to quit)
Zapping:
b - a wand of flame (1)
Press: ? - help, Shift-Dir - straight line, f/p - orc wizard
Aim: an orc wizard, wielding a dagger and wearing a robe (severely wounded, moving very quickly)
The puff of flame hits the orc wizard.
The orc wizard appears unharmed.
The orc wizard is severely wounded.
This wand has 0 charges left.
The orc wizard casts a spell at you. The puff of frost hits you!
* * * LOW HITPOINT WARNING * * *
The orc wizard hits you with a dagger.
You die...

......................(...
#######.....#####.######.#
#######.....# #.#
......#.....#####'###
......'.....#.......#
......#.....#.......#
......###'###.......#
......# #.# #....o..#
......# #.# #...@).%#
......# #.# #.......#
......# #.# #.......#
#########.# #.......#
........#.###.......#
#######.#............ #
#.#.....###+#... . #
#.#.....# .#.. ...# .
#.#.....# .# ...#


You could see an orc wizard.

Vanquished Creatures
  An orc priest (D:3)
  A worker ant (D:2)
  4 adders
  A worm (D:3)
  A giant mite (D:3)
  An inept feature mimic (D:2)
  2 giant geckos (D:2)
  An orc (D:3)
  6 giant cockroaches
  6 goblins
  6 hobgoblins
  7 jackals
  A ball python (D:2)
  8 bats
  A giant newt (D:2)
  9 kobolds
  11 rats
67 creatures vanquished.

Vanquished Creatures (collateral kills)
  An orc (D:3)
  A bat (D:1)
2 creatures vanquished.

Grand Total: 69 creatures vanquished

Notes
Turn   | Place    | Note
--------------------------------------------------------------
     0 | D:1      | MRaven, the Demonspawn Artificer, began the quest for the Orb.
     0 | D:1      | Reached XP level 1. HP: 15/15 MP: 1/1
   360 | D:1      | Gained mutation: You have a pair of small antennae on your head. [demonic ancestry]
   360 | D:1      | Reached XP level 2. HP: 12/21 MP: 3/3
  1176 | D:1      | Gained mutation: You have a pair of antennae on your head. [demonic ancestry]
  1176 | D:1      | Reached XP level 3. HP: 27/27 MP: 4/4
  1924 | D:2      | Found a radiant altar of Vehumet.
  2167 | D:2      | Gained mutation: You sometimes gain a little power by taking damage. [demonic ancestry]
  2167 | D:2      | Reached XP level 4. HP: 32/34 MP: 6/6
  2495 | D:2      | Found a bloodstained altar of Trog.
  2510 | D:2      | Noticed Sigmund
  2727 | D:2      | Noticed Sigmund
  2732 | D:2      | Killed Sigmund the worker ant
  3339 | D:3      | Reached skill level 4 in Evocations
  3754 | D:3      | Gained mutation: You sometimes gain power by taking damage. [demonic ancestry]
  3754 | D:3      | Reached XP level 5. HP: 36/41 MP: 8/8
  3892 | D:3      | HP: 2/41 [orc wizard/puff of frost (7)]
  3892 | D:3      | Slain by an orc wizard

Action                   |  1- 3 |  4- 6 || total
-------------------------+-------+-------++-------
Melee: Short sword       |   159 |    92 ||   251
Throw: Stone             |       |     1 ||     1
Evoke: Wand              |     8 |    23 ||    31
  Use: Scroll            |     6 |     3 ||     9
       Potion            |       |     2 ||     2
